 Dungeon Crawl Stone Soup version 0.22.0-35-ge4bf2f5f59 (webtiles) character file.

497 MirrMurr the Slinger (level 7, 0/46 HPs)
             Began as a Halfling Hunter on Aug 23, 2018.
             Slain by Eustachio
             ... wielding a +0 rapier
              (7 damage)
             ... on level 4 of the Dungeon.
             The game lasted 00:07:39 (3924 turns).

MirrMurr the Slinger (Halfling Hunter)              Turns: 3924, Time: 00:07:40

Health: 0/46       AC:  0    Str: 20    XL:     7   Next: 39%
Magic:  7/7        EV: 22    Int:  9    God:
Gold:   183        SH:  0    Dex: 20    Spells: 6/6 levels left

rFire    . . .     SeeInvis .   (weapon currently unavailable)
rCold    . . .     Gourm    .   (shield currently unavailable)
rNeg     . . .     Faith    .   (armour currently unavailable)
rPois    .         Spirit   .   (helmet currently unavailable)
rElec    .         Reflect  .   (cloak currently unavailable)
rCorr    .         Harm     .   (gloves currently unavailable)
MR       .....                  (boots currently unavailable)
Stlth    +++.......             (no amulet)
HPRegen  0.15/turn              (ring currently unavailable)
MPRegen  0.10/turn              (ring currently unavailable)

@: mighty, agile, pig-form (expiring), hasted, very quick
A: small, mutation resistance 1
a: no special abilities


You were on level 4 of the Dungeon.
You were very hungry.
You were a filthy swine.
You visited 1 branch of the dungeon, and saw 4 of its levels.

You collected 183 gold pieces.

Inventory:

Hand Weapons
 a - a +1 hunting sling
 b - a +0 short sword (melded)
Missiles
 d - 119 sling bullets
 i - 148 stones (quivered)
 r - 13 poisoned needles
Armour
 l - a +0 helmet (melded)
 m - a +0 buckler (melded)
 o - a +0 plate armour (melded)
Jewellery
 h - a ring of protection from cold (melded)
 q - an uncursed ring of protection from fire {unknown}
Scrolls
 g - a scroll of amnesia
 j - 3 scrolls of teleportation
 p - 2 scrolls of fog {unknown}
 t - a scroll of random uselessness {unknown}
Potions
 c - 2 potions of magic {unknown}
 k - 2 potions of curing
 n - a potion of might
Comestibles
 f - 4 rations


   Skills:
 + Level 3.1 Fighting
 + Level 3.0 Short Blades
 * Level 8.2 Slings
 + Level 2.8 Armour
 + Level 3.7 Dodging
 - Level 1.1 Stealth
 + Level 2.1 Shields


You had 6 spell levels left.
You didn't know any spells.
Your spell library was empty.

Dungeon Overview and Level Annotations

Branches:
Dungeon (4/15)
 Temple: D:4-7

Altars:
Dithmenos
Gozag
Hepliaklqana
Makhleb
Sif Muna

Annotations:
D:3 2 transporters
D:4 1 runed door, Eustachio


Innate Abilities, Weirdness & Mutations

You are small and have problems with some larger weapons.
You are somewhat resistant to further mutation.


Message History

You feel yourself speed up.
The quasit disappears in a puff of smoke!
The river rat closely misses you.
You feel agile all of a sudden. Eustachio completely misses you.
The river rat twitches its whiskers.
The river rat misses you.
You feel very mighty all of a sudden.
The white imp grinds its teeth.
The river rat barely misses you.
Eustachio casts a spell.
You bite Eustachio!
Eustachio is moderately wounded.
The white imp disappears for a moment.
You completely miss Eustachio.
Eustachio is moderately wounded.
The river rat bites you.
* * * LOW HITPOINT WARNING * * *
Eustachio hits you with a rapier!
You die...

#.# ######
#.#
#.######
#......#
♣#
##..##.#
.+
#..##.###.
♣#
#§..r(....
♣
#r###.....
#h# ####
#@# #5#
#55 ###


You could see Eustachio, 2 quasits, a river rat and a white imp.

Vanquished Creatures
  Menkaure (D:3)
  A scorpion (D:4)
  2 hounds
  An orc wizard (D:4)
  A bullfrog skeleton (D:4)
  A centaur skeleton (D:4)
  An iguana (D:4)
  2 worker ants
  A hound skeleton (D:4)
  3 adders
  An ooze (D:4)
  3 worms
  2 leopard geckos
  4 orcs
  3 ball pythons
  5 giant cockroaches
  8 goblins
  7 hobgoblins
  7 jackals
  2 quokkas
  5 bats
  5 frilled lizards
  8 kobolds
  3 rats
77 creatures vanquished.

Notes
Turn   | Place    | Note
-------+----------+-------------------------------------------
     0 | D:1      | MirrMurr the Halfling Hunter began the quest for the Orb.
     0 | D:1      | Reached XP level 1. HP: 14/14 MP: 1/1
     7 | D:1      | Reached skill level 6 in Slings
    12 | D:1      | Reached XP level 2. HP: 19/19 MP: 2/2
   710 | D:2      | Reached skill level 1 in Armour
   710 | D:2      | Reached XP level 3. HP: 24/24 MP: 3/3
   748 | D:2      | Reached skill level 1 in Short Blades
  1391 | D:2      | Reached XP level 4. HP: 13/29 MP: 4/4
  2033 | D:3      | Found a shadowy altar of Dithmenos.
  2077 | D:3      | Reached XP level 5. HP: 28/35 MP: 5/5
  2088 | D:3      | Found an opulent altar of Gozag.
  2133 | D:3      | Found a transporter.
  2196 | D:3      | Found a hazy altar of Hepliaklqana.
  2379 | D:3      | Found a transporter.
  2543 | D:3      | Found a burning altar of Makhleb.
  2718 | D:3      | Found a deep blue altar of Sif Muna.
  2793 | D:4      | Reached skill level 7 in Slings
  2930 | D:4      | Reached skill level 1 in Shields
  2930 | D:4      | Reached XP level 6. HP: 37/41 MP: 6/6
  3252 | D:4      | Noticed Menkaure
  3281 | D:3      | Killed Menkaure
  3281 | D:3      | Reached XP level 7. HP: 44/45 MP: 7/7
  3314 | D:4      | Reached skill level 8 in Slings
  3726 | D:4      | Found a runed door.
  3748 | D:4      | Found a burning altar of Makhleb.
  3884 | D:4      | Noticed Eustachio
  3924 | D:4      | Slain by Eustachio

Skill      XL: |  1  2  3  4  5  6  7 |
---------------+----------------------+-----
Slings         | 6 7 8 |  8.2
Fighting       | 2 3 |  3.1
Armour         | 1 2 |  2.8
Short Blades   | 1 2 3 |  3.0
Dodging        | 3 |  3.7
Shields        | 1 2 |  2.1
Stealth        | |  1.1

Action                   |  1- 3 |  4- 6 |  7- 9 || total
-------------------------+-------+-------+-------++-------
Melee: Short sword       |   141 |       |     5 ||   146
       Unarmed           |       |       |    14 ||    14
 Fire: Hunting sling     |    27 |   187 |    50 ||   264
  Use: Scroll            |     6 |     2 |     1 ||     9
       Potion            |       |     1 |     3 ||     4
  Eat: Chunk             |     2 |     5 |     1 ||     8
Armor: Leather armour    |     4 |       |       ||     4
       Plate armour      |   118 |    30 |    35 ||   183
Dodge: Dodged            |    59 |    18 |    24 ||   101
Block: Buckler           |       |     9 |    14 ||    23
